 Dungeon Crawl Stone Soup version 0.29-a0-490-g77b3608 (webtiles) character file.

Game seed: 10563601800872589255

52098 Illumine the Spear-Bearer (level 14, -3/138 (143) HPs)
             Began as a Troll Cinder Acolyte on May 26, 2022.
             Was an Initiate of Ignis.
             Slain by a dire elephant (6 damage)
             ... on level 6 of the Lair of Beasts.
             The game lasted 00:29:12 (15910 turns).

Illumine the Spear-Bearer (Troll Cinder Acolyte)   Turns: 15910, Time: 00:29:14

HP:   -3/138 (143)  AC: 13    Str: 29    XL:     14   Next: 25%
MP:   14/14         EV: 10    Int: 15    God:    Ignis [......]
Gold: 1075          SH:  0    Dex:  5    Spells: 13/15 levels left

rFire   + . .      SeeInvis .   r - +11 trident of Temperance {vamp, rC- rN+ Int+5 Stlth+}
rCold   + . .      Faith    .   (no shield)
rNeg    + . .      Spirit   .   I - +0 swamp dragon scales
rPois   +          Reflect  .   (helmet restricted)
rElec   .          Harm     .   b - +2 cloak
rCorr   .          Rampage  .   (gloves unavailable)
Will    +....                   (boots unavailable)
Stlth   +.........              k - amulet of magic regeneration
HPRegen 1.13/turn               y - ring of protection from cold
MPRegen 0.54/turn               z - ring of protection from cold

@: lightly drained
A: large, unfitting armour, claws 3, regeneration 1, shaggy fur 1, tough skin 1
a: Renounce Religion


You were on level 6 of the Lair of Beasts.
You worshipped Ignis.
Ignis was noncommittal.
You visited 2 branches of the dungeon, and saw 15 of its levels.

You collected 1219 gold pieces.
You spent 144 gold pieces at shops.

Inventory:

Hand Weapons
 a - a -1 falchion of flaming
 m - a +2 vampiric falchion
 r - the +11 trident of Temperance (weapon) {vamp, rC- rN+ Int+5 Stlth+}
   (You bought it in a shop on level 2 of the Dungeon)

   It occasionally heals its wielder for a portion of the damage dealt when it
   wounds a living foe.
   Int:       It affects your intelligence (+5).
   rC:        It makes you vulnerable to cold.
   rN:        It protects you from negative energy.
   Stlth:     It makes you more stealthy.
 L - a +2 antimagic trident
Missiles
 g - a throwing net
 q - 5 silver javelins
 s - 5 large rocks (quivered)
 Q - 5 javelins
Armour
 b - a +2 cloak (worn)
 G - a +0 robe of fire resistance
 I - +0 swamp dragon scales (worn)
Jewellery
 k - an amulet of magic regeneration (around neck)
 y - a ring of protection from cold (left claw)
 z - a ring of protection from cold (right claw)
 C - an amulet of the acrobat
 O - a ring of flight
 P - a ring of ice
Wands
 n - a wand of mindburst (11)
 u - a wand of flame (29)
 A - a wand of acid (2)
 K - a wand of paralysis (7)
 R - a wand of digging (2)
Scrolls
 d - 2 scrolls of fear
 e - 4 scrolls of enchant weapon
 h - 2 scrolls of blinking
 j - 7 scrolls of teleportation
 p - 2 scrolls of torment
 v - 2 scrolls of enchant armour
 w - 2 scrolls of vulnerability
 x - a scroll of immolation
 F - 2 scrolls of magic mapping
 H - a scroll of noise
 J - 2 scrolls of silence
Potions
 c - a potion of brilliance
 f - 5 potions of magic
 i - a potion of mutation
 l - a potion of heal wounds
 o - 6 potions of curing
 t - a potion of haste
 B - 3 potions of lignification
 D - a potion of might
 E - 2 potions of attraction
 M - 2 potions of flight
 N - a potion of resistance
 S - a potion of berserk rage


   Skills:
 + Level 10.1 Fighting
 - Level 2.4 Long Blades
 * Level 13.2 Polearms
 + Level 9.5 Throwing
 + Level 4.6 Armour
 - Level 8.3 Dodging
 - Level 1.0 Stealth
 - Level 3.4 Unarmed Combat
 - Level 1.0 Spellcasting
 - Level 2.1 Fire Magic
 - Level 3.0 Evocations


You had 13 spell levels left.
You knew the following spells:

 Your Spells              Type           Power      Damage    Failure   Level
a - Scorch                Fire           14%        2d5       22%         2

Your spell library contained the following spells:

 Spells                   Type           Power      Damage    Failure   Level
 Foxfire                  Conj/Fire      16%        2x1d4     22%         1
 Necrotize                Necr           0%         1d4       34%         1
 Blink                    Tloc           0%         N/A       45%         2
 Conjure Flame            Conj/Fire      4%         6-21      54%         3
 Inner Flame              Hex/Fire       4%         N/A       54%         3
 Lesser Beckoning         Tloc           0%         N/A       71%         3
 Ozocubu's Armour         Ice            0%         N/A       71%         3
 Vampiric Draining        Necr           0%         2d6       71%         3
 Flame Wave               Conj/Fire      4%         2d5       91%         4
 Animate Dead             Necr           0%         N/A       98%         4
 Summon Lightning Spire   Summ/Air       0%         N/A       98%         4
 Agony                    Necr           0%         N/A       100%        5
 Manifold Assault         Tloc           0%         N/A       100%        5
 Haunt                    Necr/Summ      0%         N/A       100%        7
 Ozocubu's Refrigeration  Ice            0%         4d5       100%        7
 Storm Form               Tmut/Air       0%         N/A       100%        7
 Infestation              Necr           0%         N/A       100%        8
 Maxwell's Capacitive Co  Air            0%         ∞         100%        8


Dungeon Overview and Level Annotations

Branches:
Dungeon (9/15)             Temple (0/1) D:4            Lair (6/6) D:9
  Swamp (0/4) Lair:4        Snake (0/4) Lair:2        Slime (0/5) Lair:6
    Orc: D:9-12

Altars:
Qazlal
Zin
Beogh
Jiyva

Shops:
D:2 (   D:7 *   D:8 [   D:9 (

Annotations:
D:3 1 runed translucent door, tombs's ghost, amateur FoAK
Lair:3 3 runed translucent doors, Toastz's ghost, journeyman KoBe
Lair:6 exclusion: obsidian statue


Innate Abilities, Weirdness & Mutations

You are too large for most types of armour.
You have claws for hands.
Your natural rate of healing is unusually fast.
You are covered in fur. (AC +1)
You have tough skin. (AC +1)


Message History

The dire elephant is lightly wounded.
The dire elephant tramples you but does no damage.
The dire elephant trunk-slaps you but does no damage.
You puncture the dire elephant!
You feel better.
The dire elephant is lightly wounded.
You impale the dire elephant!!
You feel better.
The dire elephant is moderately wounded.
The dire elephant tramples you but does no damage.
The dire elephant trunk-slaps you.
You hit the dire elephant but do no damage.
The dire elephant is moderately wounded.
The dire elephant tramples you!!
You stumble backwards!
You puncture the dire elephant!
The dire elephant is heavily wounded.
You puncture the dire elephant!
You feel better.
The dire elephant is heavily wounded.
The dire elephant tramples you.
You hold your ground!
The dire elephant trunk-slaps you.
You impale the dire elephant!!
The dire elephant is severely wounded.
The dire elephant tramples you!
You hold your ground!
The dire elephant barely misses you. The dire elephant tramples you!!
You hold your ground!
The dire elephant trunk-slaps you!
* * * LOW HITPOINT WARNING * * *
You hit the dire elephant but do no damage.
The dire elephant is severely wounded.
The dire elephant tramples you!
* * * LOW HITPOINT WARNING * * *
You stumble backwards!
The dire elephant tramples you!!
* * * LOW HITPOINT WARNING * * *
You hold your ground!
The dire elephant closely misses you.
You feel much better.
The dire elephant's soul is no longer bound.
The dire elephant tramples you!!
* * * LOW HITPOINT WARNING * * *
You hold your ground!
The dire elephant barely misses you.
The dire elephant tramples you but does no damage.
The dire elephant trunk-slaps you.
You die...

####### ♣♣.....### ♣♣P.P.....##
♣..........## ##...P##P#.....#
... ###''#''#### ### # #♣8♣
#8..#...Y8##.≈≈##8...8## ##+#
#...#P.@Yp'..≈≈≈(.../)#8 ##)#
#.#.####.8#.≈≈≈≈'...!$#[
#########'#P...####.≈≈≈≈#8...8#.
## #8...P.####....#≈≈≈≈.#######8
.# #.....P# ####.###≈.###8.8###
.## #8...P.##♣♣♣##...#####8.⌠P8##
..##########♣...P###............†
#..##♣####♣P......♣########'''###
#...............#..[.............


You could see 2 dire elephants and a necromancer.

Vanquished Creatures
  A dire elephant (Lair:6)
  6 hydras
  3 boulder beetles
  11 death yaks
  Urug (Lair:5)
  2 spectral death yaks (Lair:6)
  A spectral anaconda (Lair:6)
  2 swamp dragons (Lair:2)
  Pikel (D:3)
  2 necromancers (Lair:6)
  A cyclops (D:6)
  21 elephants
  A torpor snail (Lair:4)
  4 black mambas
  13 cane toads
  8 komodo dragons
  2 polar bears
  10 blink frogs
  6 dream sheep (Lair:5)
  A spectral elephant (Lair:6)
  39 yaks
  4 wyverns
  A dire elephant simulacrum (Lair:6)
  4 basilisks
  Eustachio (D:3)
  3 steam dragons
  2 death yak simulacra (Lair:6)
  6 vampire mosquitoes
  Menkaure (D:4)
  A spectral cane toad (Lair:6)
  21 water moccasins
  3 orc warriors
  3 ice beasts
  A sky beast (D:7)
  5 black bears
  An elephant zombie (Lair:6)
  2 ogres
  A swamp drake (Lair:2)
  17 wolves
  A phantom (D:6)
  A centaur (D:8)
  3 elephant skeletons (Lair:6)
  2 lemures
  2 kobold brigands (D:9)
  18 bullfrogs
  3 scorpions
  4 wights (D:8)
  An elephant simulacrum (Lair:6)
  9 killer bees
  A howler monkey (D:9)
  An electric eel (Lair:3)
  2 gnoll shamans
  3 jellies
  4 hounds
  Crazy Yiuf (D:5)
  4 orc priests
  3 iguanas
  6 orc wizards
  6 hell rats
  11 gnolls
  7 adders
  3 shadow imps
  3 white imps
  3 ufetubi
  2 worms (D:4)
  A dart slug (D:1)
  27 orcs
  7 ball pythons
  9 endoplasms
  A giant cockroach (D:1)
  3 goblins
  6 hobgoblins
  8 jackals
  19 kobolds
  2 quokkas
  6 bats
  4 frilled lizards
  7 rats
417 creatures vanquished.

Vanquished Creatures (others)
  63 foxfires
  22 fungi
  26 plants
  17 withered plants (Lair:6)
128 creatures vanquished.

Grand Total: 545 creatures vanquished

Notes
Turn   | Place    | Note
-------+----------+-------------------------------------------
     0 | D:1      | Illumine the Troll Cinder Acolyte began the quest for the
                  | Orb.
     0 | D:1      | Reached XP level 1. HP: 22/22 MP: 1/1
   171 | D:1      | Reached skill level 1 in Unarmed Combat
   172 | D:1      | Reached XP level 2. HP: 29/29 MP: 2/2
   462 | D:1      | Found a faded altar of an unknown god.
   562 | D:2      | Reached XP level 3. HP: 36/36 MP: 3/3
   579 | D:2      | Reached skill level 1 in Dodging
   762 | D:2      | Found Zeykhlurch's Antique Weapon Shop.
  1190 | D:3      | Reached XP level 4. HP: 43/45 MP: 4/4
  1552 | D:3      | Found a runed translucent door.
  1552 | D:3      | Noticed tombs's ghost (amateur FoAK)
  1981 | D:4      | Noticed a bullfrog
  1987 | D:4      | Killed a bullfrog
  1988 | D:4      | Reached XP level 5. HP: 52/53 MP: 5/5
  2024 | D:4      | Reached skill level 1 in Polearms
  2053 | D:4      | Noticed a black bear
  2063 | D:4      | Killed a black bear
  2064 | D:4      | Reached XP level 6. HP: 53/61 MP: 6/6
  2084 | D:4      | Reached skill level 2 in Polearms
  2179 | D:2      | Bought a steaming trident for 144 gold pieces
  2179 | D:2      | Identified the +11 trident of Temperance {vamp, rC- rN+
                  | Int+5 Stlth+} (You bought it in a shop on level 2 of the
                  | Dungeon)
  2272 | D:4      | Noticed Pikel
  2276 | D:4      | Noticed Menkaure
  2295 | D:3      | HP: 2/62 [Pikel/+0 whip of freezing (4)]
  2381 | D:4      | Found a staircase to the Ecumenical Temple.
  2455 | D:4      | Killed Menkaure
  2456 | D:4      | Reached XP level 7. HP: 68/68 MP: 7/7
  2579 | D:4      | Reached skill level 3 in Polearms
  2810 | D:4      | Found a glowing silver altar of Zin.
  2813 | D:4      | Noticed Eustachio
  2834 | D:3      | Killed Eustachio
  2969 | D:3      | Killed Pikel
  2970 | D:3      | Reached skill level 4 in Polearms
  2970 | D:3      | Reached XP level 8. HP: 31/79 MP: 8/8
  3304 | D:5      | Entered Level 5 of the Dungeon
  3404 | D:5      | Reached skill level 5 in Polearms
  3509 | D:5      | Reached skill level 5 in Fighting
  3509 | D:5      | Reached skill level 1 in Throwing
  3613 | D:5      | Learned a level 2 spell: Scorch
  3986 | D:5      | Found a runed translucent door.
  3987 | D:5      | Noticed Crazy Yiuf
  3992 | D:5      | Killed Crazy Yiuf
  4131 | D:6      | Reached XP level 9. HP: 87/88 MP: 9/9
  4230 | D:6      | Reached skill level 6 in Polearms
  4567 | D:6      | Reached skill level 1 in Evocations
  4623 | D:6      | Noticed a cyclops
  4633 | D:6      | Killed a cyclops
  4794 | D:7      | Reached skill level 5 in Dodging
  4898 | D:7      | Found Figaek's Overcharged Wands.
  5300 | D:7      | Reached skill level 7 in Polearms
  6123 | D:8      | Reached XP level 10. HP: 93/98 MP: 10/10
  6215 | D:8      | Found Vysus's Antique Armour Shoppe.
  6747 | D:8      | Reached skill level 1 in Stealth
  6958 | D:9      | Found Cefeul's Antique Weapon Shoppe.
  7026 | D:9      | Found a staircase to the Lair.
  7129 | D:9      | Reached skill level 8 in Polearms
  7796 | Lair:1   | Entered Level 1 of the Lair of Beasts
  7903 | Lair:1   | Reached skill level 5 in Throwing
  7914 | Lair:1   | Reached XP level 11. HP: 85/107 MP: 11/11
  8160 | Lair:1   | Identified the +0 ring mail "Ziduulumo" {rCorr Slay+3}
  8613 | Lair:2   | Reached skill level 9 in Polearms
  8720 | Lair:2   | Noticed a swamp dragon
  8728 | Lair:2   | Noticed a swamp dragon
  8733 | Lair:2   | Killed a swamp dragon
  8742 | Lair:2   | Killed a swamp dragon
  9048 | Lair:2   | Found a staircase to the Snake Pit.
  9366 | Lair:2   | Found a stormy altar of Qazlal.
  9808 | Lair:3   | Reached skill level 10 in Polearms
  9897 | Lair:3   | Found a runed translucent gate.
  9898 | Lair:3   | Found a runed translucent gate.
  9899 | Lair:3   | Found a runed translucent gate.
  9954 | Lair:3   | Noticed a boulder beetle
  9972 | Lair:3   | Reached XP level 12. HP: 77/119 MP: 12/12
  9981 | Lair:3   | Killed a boulder beetle
 10043 | Lair:3   | Noticed a boulder beetle
 10050 | Lair:3   | Killed a boulder beetle
 10725 | Lair:3   | Noticed Toastz's ghost (journeyman KoBe)
 10764 | Lair:4   | HP: 4/109 [hell rat (8)]
 10975 | Lair:4   | Noticed an eight-headed hydra
 11006 | Lair:4   | Killed an eight-headed hydra
 11144 | Lair:4   | Noticed a boulder beetle
 11153 | Lair:4   | Killed a boulder beetle
 11281 | Lair:4   | Found a staircase to the Swamp.
 11303 | Lair:4   | Reached skill level 11 in Polearms
 12169 | Lair:5   | Noticed a seven-headed hydra
 12175 | Lair:5   | Noticed Urug
 12184 | Lair:4   | Killed a seven-headed hydra
 12185 | Lair:4   | Reached XP level 13. HP: 76/130 MP: 13/13
 12252 | Lair:5   | Killed Urug
 12253 | Lair:5   | Reached skill level 1 in Armour
 13029 | Lair:5   | Reached skill level 12 in Polearms
 14226 | Lair:6   | Entered Level 6 of the Lair of Beasts
 14638 | Lair:6   | Found a viscous altar of Jiyva.
 14638 | Lair:6   | Found a staircase to the Slime Pits.
 14775 | Lair:6   | Noticed a dire elephant
 14775 | Lair:6   | Noticed a dire elephant
 14792 | Lair:6   | Noticed a dire elephant
 14815 | Lair:6   | Killed a dire elephant
 14980 | Lair:6   | Reached XP level 14. HP: 108/141 MP: 14/14
 15348 | Lair:6   | Reached skill level 13 in Polearms
 15478 | Lair:6   | Reached skill level 10 in Fighting
 15909 | Lair:6   | HP: 5/138 [dire elephant (29)]
 15910 | Lair:6   | Slain by a dire elephant

Illustrated notes

Levels and vault maps discovered:
D:1:      nzn_arrival_settlement, layout_rooms,
          shapermc_ecumenical_altar_flowoftime
D:2:      layout_basic, serial_shops, shop_fountains, st_stairs_1,
          kennysheep_nondescript, minivault_11, minmay_misc_feat_x
D:3:      layout_loops_corners, hellmonk_ghost_happy_afterlife,
          chequers_serial_rivers_micro_b
D:4:      layout_cave_pods, zin_treasury, minmay_temple_entry_purple_smoke,
          kennysheep_orc_chapel, uniq_menkaure, uniq_eustachio, uniq_pikel
D:5:      layout_loops_ring, uniq_crazy_yiuf_cottage
D:6:      layout_cave_pools, minmay_three_doors
D:7:      layout_layer_cave, minmay_stone_trees_medium,
          dreamdust_princess_corridor, kennysheep_flooded_box,
          serial_park_tiny_pond, nicolae_shop_overcharged_wands
D:8:      layout_gridville, serial_shops, nicolae_shop_waterfront,
          amcnicky_mini_rare_corridor_liquid
D:9:      layout_roguey, grunt_lair_entry_orc_guard_hut, serial_shops,
          nicolae_square_shop, roderic_serpentine_path
Lair:1:   layout_chaotic_city, lemuel_fruit_tree, infiniplex_staircase_pool
Lair:2:   layout_layer_cave, minmay_snake_entry_six_corridors, basic_altar,
          minivault_19, pond
Lair:3:   layout_chaotic_city, gammafunk_ghost_icy, gammafunk_lair_bear_cave,
          infiniplex_staircase_pool_2
Lair:4:   layout_regular_city, minmay_swamp_entry_swarm, grunt_megastairs_5
Lair:5:   layout_layer_cave, st_stairs_11, minivault_27, serial_bayou_shore_a,
          grunt_megastairs_3, uniq_urug
Lair:6:   due_jungle_book, layout_cave_pods, dpeg_slime_entry_enclosed_altar,
          lemuel_fruit_fields, serial_bayou_shore_b

Skill      XL: |  1  2  3  4  5  6  7  8  9 10 11 12 13 14 |
---------------+-------------------------------------------+-----
Unarmed Combat | 1 2 3 |  3.4
Dodging        | 1 2 3 4 5 6 7 8 |  8.3
Fighting       | 3 4 5 6 7 8 9 10 | 10.1
Polearms       | 1 2 4 5 7 8 10 11 12 13 | 13.2
Throwing       | 2 3 5 6 7 9 |  9.5
Evocations     | 2 3 |  3.0
Stealth        | 1 |  1.0
Armour         | 4 |  4.6
Long Blades    | |  2.4
Spellcasting   | |  1.0
Fire Magic     | |  2.1

Action                   |  1- 3 |  4- 6 |  7- 9 | 10-12 | 13-15 || total
-------------------------+-------+-------+-------+-------+-------++-------
Melee: Falchion          |    99 |    37 |       |       |       ||   136
       Punch             |     1 |     1 |     3 |    19 |    26 ||    50
       Unarmed           |    63 |    29 |       |       |       ||    92
       Spear             |       |     3 |       |       |       ||     3
       Trident           |       |     8 |   252 |   705 |   560 ||  1525
Throw: Large rock        |       |       |     2 |    10 |    15 ||    27
       Javelin           |       |       |       |       |     2 ||     2
 Cast: Scorch            |       |       |     1 |       |       ||     1
Invok: Fiery Armour      |       |     2 |     3 |     3 |     1 ||     9
       Foxfire Swarm     |       |     1 |     1 |       |     1 ||     3
       Rising Flame      |       |     1 |       |       |       ||     1
  Use: Scroll            |       |       |    11 |     7 |     7 ||    25
       Potion            |       |       |       |     3 |     2 ||     5
 Stab: Sleeping          |       |       |     2 |     8 |     1 ||    11
Armor: Robe              |    97 |    47 |    59 |    90 |       ||   293
       Swamp dragon scal |       |       |       |   172 |   208 ||   380
Dodge: Dodged            |   119 |    49 |   100 |   299 |   201 ||   768

Table legend: (Time is in decaauts)
 A = Elapsed time spent in this place.
 B = Non-inter-level travel time spent in this place.
 C = Inter-level travel time spent in this place.
 D = Time resting spent in this place.
 E = Time spent auto-exploring this place.
 F = Levels seen in this place.
 G = Mean time per level.
                   A        B        C        D        E       F      G
               +--------+--------+--------+--------+--------+-----+--------+
         Total |  15670 |  14995 |    675 |   1275 |   9857 |  15 | 1044.7 |
       Dungeon |   7810 |   7338 |    472 |    275 |   5261 |   9 |  867.8 |
          Lair |   7860 |   7657 |    203 |   1000 |   4596 |   6 | 1310.0 |
               +--------+--------+--------+--------+--------+-----+--------+

Top non-repeatable levels by time:
  Lair:4: 1618 daAuts
  Lair:5: 1581 daAuts
  Lair:6: 1569 daAuts
     D:7: 1379 daAuts
  Lair:2: 1348 daAuts
     D:3: 1164 daAuts
  Lair:3: 1019 daAuts
     D:4: 1006 daAuts
     D:9: 906 daAuts
     D:8: 808 daAuts
     D:5: 793 daAuts
  Lair:1: 723 daAuts
     D:2: 620 daAuts
     D:6: 589 daAuts
     D:1: 541 daAuts
